 Dungeon Crawl Stone Soup version 0.32-a0-960-g3814254bd7 (webtiles) character file.

Game seed: 6388846895325866580

1139 trashops the Cleaver (level 8, -2/69 HPs)
             Began as a Mountain Dwarf Fighter on Apr 17, 2024.
             Slain by Joseph
             ... wielding a +0 quarterstaff
              (12 damage)
             ... on level 7 of the Dungeon.
             The game lasted 00:08:09 (5423 turns).

trashops the Cleaver (Mountain Dwarf Fighter)       Turns: 5423, Time: 00:08:09

Health: -2/69      AC: 11    Str: 19 (20) XL:     8   Next: 14%
Magic:  8/8        EV:  8    Int:  8      God:
Gold:   214        SH:  4    Dex: 13      Spells: 7/7 levels left

rFire   + . .        a - +1 war axe
rCold   . . .        c - +0 buckler
rNeg    . . .        b - +0 scale mail
rPois   .            r - +1 helmet
rElec   .            (no cloak)
rCorr   .            (no gloves)
SInv    +            (no boots)
Will    .....        (no amulet) Stlth
                     g - ring of see invisible
HPRegen 0.31/turn    t - ring of protection from fire
MPRegen 0.11/turn

%: no passive effects
@: no status effects
A: runic magic, artefact enchanting, agile 1, shaggy fur 1, subdued magic 1
a: no special abilities


You were on level 7 of the Dungeon.
You visited 1 branch of the dungeon, and saw 7 of its levels.

You collected 375 gold pieces.
You spent 161 gold pieces at shops.

Inventory:

Hand Weapons
 a - a +1 war axe (weapon)
Missiles
 d - a throwing net (quivered)
Armour
 b - a +0 scale mail (worn)
 c - a +0 buckler (worn)
 r - a +1 helmet (worn)
Jewellery
 g - a ring of see invisible (left hand)
 j - a ring of wizardry
 q - a ring of poison resistance
 t - a ring of protection from fire (right hand)
Wands
 i - a wand of polymorph (14)
 k - a wand of flame (17)
 l - a wand of mindburst (17)
 p - a wand of light (9)
Scrolls
 e - 4 scrolls of teleportation
 h - a scroll of enchant armour {unknown}
 o - 4 scrolls of identify
 u - a scroll of amnesia {unknown}
Potions
 f - a potion of brilliance
 s - a potion of mutation


   Skills:
 * Level 5.4 Fighting
 * Level 8.3 Axes
 * Level 6.7 Armour
 + Level 4.1 Shields


You had 7 spell levels left.
You didn't know any spells.
Your spell library contained the following spells:

 Spells                   Type           Power      Damage    Failure   Level
 Apportation              Tloc           0%         N/A       52%         1
 Magic Dart               Conj           0%         1d3       52%         1
 Necrotise                Necr           0%         1d4       52%         1
 Sting                    Conj/Alch      0%         1d3       52%         1
 Summon Small Mammal      Summ           0%         N/A       52%         1
 Blink                    Tloc           0%         N/A       67%         2
 Lesser Beckoning         Tloc           0%         N/A       67%         2
 Momentum Strike          Conj/Tloc      0%         3d8       67%         2
 Searing Ray              Conj           0%         2d4       67%         2
 Call Canine Familiar     Summ           0%         N/A       88%         3
 Sigil of Binding         Hex            0%         N/A       88%         3
 Dimensional Bullseye     Hex/Tloc       0%         N/A       99%         4
 Fulminant Prism          Conj/Alch      0%         3d5       99%         4


Dungeon Overview and Level Annotations

Branches:
Dungeon (7/15)
 Temple: D:4-7

Altars:
Elyvilon
Fedhas
Hepliaklqana
Qazlal
Ru
Wu Jian

Shops:
D:1 *   D:5 [**

Annotations:
D:7 Joseph


Innate Abilities, Weirdness & Mutations

Your spellcasting is much less encumbered by armour.
You can use scrolls of enchantment on lesser artefacts.
You are agile. (Dex +4, Str/Int -1)
You are covered in fur. (AC +1)
Your spells are a little easier to cast, but a little less powerful.


Message History

Joseph hits you with a +0 quarterstaff.
You hit Joseph but do no damage.
Joseph is lightly wounded.
Joseph hits you with a +0 quarterstaff!
You closely miss Joseph.
Joseph is lightly wounded.
You block Joseph's attack.
Okay, then.
As you read the scroll of fear, it crumbles to dust.
You assume a fearsome visage.
Joseph looks frightened!
Joseph cries, "Mercy!"
You catch the helpless Joseph completely off-guard!
You slash Joseph!
Your attack snaps Joseph out of his fear.
Joseph is moderately wounded.
Joseph closely misses you.
You closely miss Joseph.
Joseph is moderately wounded.
Joseph hits you with a +0 quarterstaff!
You slash Joseph!
Joseph is heavily wounded.
You block Joseph's attack.
You slash Joseph!
Joseph is severely wounded.
Joseph tries to grin evilly.
Joseph hits you with a +0 quarterstaff!
* * * LOW HITPOINT WARNING * * *
You slash Joseph!
Joseph is severely wounded.
Joseph closely misses you.
Joseph tries to grin evilly.
Joseph hits you with a +0 quarterstaff!
* * * LOW HITPOINT WARNING * * *
Okay, then.
Okay, then.
Okay, then.
You hit Joseph.
Joseph is almost dead.
Joseph hits you with a +0 quarterstaff!
You die...

## .# .# .# ###@# #.@.#
. . #.### . ... #.# ##.
#..##.# #.#
#..[.#########.#
.....#.#..........+
..#.....#####..##.#####
..#.### #.........# #
..... ##.##.....#.#


You could see Joseph.

Vanquished Creatures
  Grinder (D:6)
  A sky beast (D:5)
  A phantom (D:4)
  Blork the orc (D:6)
  A bullfrog (D:7)
  2 scorpions
  A bombardier beetle (D:5)
  2 hounds
  4 iguanas
  A sleepcap (D:3)
  7 gnolls
  12 adders
  2 white imps
  2 ufetubi (D:6)
  4 dart slugs
  2 ribbon worms (D:2)
  19 orcs
  6 endoplasms
  2 giant cockroaches (D:1)
  3 goblins
  4 hobgoblins
  10 jackals
  2 quokkas
  4 ball pythons
  6 bats
  2 frilled lizards
  2 kobolds
  3 rats
107 creatures vanquished.

Notes
Turn   | Place    | Note
-------+----------+-------------------------------------------
     0 | D:1      | trashops the Mountain Dwarf Fighter began the quest for the
                  | Orb.
     0 | D:1      | Reached XP level 1. HP: 19/19 MP: 1/1
    74 | D:1      | Found Lunk's Assorted Antiques.
   216 | D:1      | Reached XP level 2. HP: 24/26 MP: 2/2
   881 | D:2      | Reached skill level 3 in Axes
   926 | D:2      | Reached XP level 3. HP: 33/33 MP: 3/3
  1030 | D:2      | Found a faded altar of an unknown god.
  1430 | D:2      | Gained mutation: Your spells are a little easier to cast,
                  | but a little less powerful. [potion of mutation]
  1430 | D:2      | Gained mutation: You are covered in fur. (AC +1) [potion of
                  | mutation]
  1430 | D:2      | Gained mutation: You are agile. (Dex +4, Str/Int -1)
                  | [potion of mutation]
  1454 | D:3      | Reached XP level 4. HP: 29/40 MP: 4/4
  1524 | D:3      | Reached skill level 4 in Axes
  1706 | D:3      | Found a white marble altar of Elyvilon.
  1750 | D:3      | Reached XP level 5. HP: 27/46 MP: 5/5
  1870 | D:3      | Found a hazy altar of Hepliaklqana.
  2143 | D:4      | Found a stormy altar of Qazlal.
  2162 | D:4      | Reached skill level 5 in Axes
  2650 | D:4      | Noticed a phantom
  2677 | D:4      | Killed a phantom
  2678 | D:4      | Reached XP level 6. HP: 30/52 MP: 6/6
  3175 | D:5      | Entered Level 5 of the Dungeon
  3175 | D:5      | Noticed a sky beast
  3175 | D:5      | Found a sacrificial altar of Ru.
  3191 | D:5      | Killed a sky beast
  3192 | D:5      | Reached skill level 6 in Axes
  3320 | D:5      | Found a blossoming altar of Fedhas.
  3426 | D:5      | Reached skill level 5 in Armour
  3565 | D:5      | Reached XP level 7. HP: 60/60 MP: 7/7
  3642 | D:5      | Found Wupicuaph's General Store.
  3646 | D:5      | Bought a +1 helmet for 161 gold pieces
  3874 | D:5      | Found an ornate altar of the Wu Jian Council.
  3944 | D:5      | Found Juuv's Armour Emporium.
  3944 | D:5      | Found Adway's General Store.
  4473 | D:6      | Reached skill level 7 in Axes
  4513 | D:6      | Reached skill level 5 in Fighting
  4674 | D:6      | Noticed Blork the orc
  4685 | D:6      | Killed Blork the orc
  4845 | D:6      | Noticed Grinder
  4848 | D:6      | Paralysed by Grinder for 5 turns
  4855 | D:6      | Killed Grinder
  5134 | D:6      | Reached skill level 8 in Axes
  5134 | D:6      | Reached XP level 8. HP: 55/68 MP: 8/8
  5406 | D:7      | Noticed Joseph
  5423 | D:7      | Slain by Joseph

Illustrated notes

Levels and vault maps discovered:
D:1:      dpeg_arrival_boxorama, layout_basic, serial_shops,
          nicolae_square_shop, grunt_decor_arrowhead
D:2:      layout_rooms, hellmonk_ecumenical_altar_dog_temple
D:3:      layout_rooms, old_standard_altar, nicolae_hepliaklqana_hazy_memory,
          st_stairs_11
D:4:      layout_basic, mainiacjoe_overflow_tiny_flanked
D:5:      layout_basic, mainiacjoe_overflow_catch_the_wave,
          mainiacjoe_overflow_alcove_1, serial_shops,
          nicolae_shop_back_alley_shop, corexii_leaking_fountain,
          hangedman_decor_opposing, nicolae_wooded_promenade,
          hangedman_abyss_or_decor_stabs, kennysheep_generic_room_16
D:6:      layout_loops_ring, uniq_blork_the_orc, uniq_grinder
D:7:      layout_loops_cross, temple_doors_e, kennysheep_nondescript,
          hangedman_abyss_or_decor_lesser_grid, uniq_maggie, uniq_duvessa,
          uniq_jeremiah, uniq_joseph

Skill      XL: |  1  2  3  4  5  6  7 |
---------------+----------------------+-----
Axes           | 3 4 5 6 8 |  8.3
Armour         | 4 5 6 |  6.7
Fighting       | 4 5 |  5.4
Shields        | 4 |  4.1

Action                     |  1- 3 |  4- 6 |  7- 9 || total
---------------------------+-------+-------+-------++-------
  Melee: War axe           |    93 |   141 |   103 ||   337
    Use: Potion            |     5 |       |     6 ||    11
         Scroll            |     5 |     1 |     1 ||     7
   Stab: Fleeing           |       |       |     1 ||     1
 Armour: Scale mail        |    87 |   128 |    96 ||   311
  Dodge: Dodged            |    46 |    58 |    42 ||   146
  Block: Buckler           |    22 |    34 |    20 ||    76

Table legend: (Time is in decaauts)
 A = Elapsed time spent in this place.
 B = Non-inter-level travel time spent in this place.
 C = Inter-level travel time spent in this place.
 D = Time resting spent in this place.
 E = Time spent auto-exploring this place.
 F = Levels seen in this place.
 G = Mean time per level.
                   A        B        C        D        E       F      G
               +--------+--------+--------+--------+--------+-----+--------+
         Total |   5511 |   5307 |    204 |    360 |   4039 |   7 |  787.3 |
       Dungeon |   5511 |   5307 |    204 |    360 |   4039 |   7 |  787.3 |
               +--------+--------+--------+--------+--------+-----+--------+

Top non-repeatable levels by time:
     D:5: 1298 daAuts
     D:4: 1059 daAuts
     D:6: 867 daAuts
     D:1: 828 daAuts
     D:3: 714 daAuts
     D:2: 638 daAuts
     D:7: 106 daAuts
